[ AOE2 MATCH · #460479250 ]
Team RMSlavs vs Inca
[ REPLAY ANALYSIS · EXTRACTED FROM THE RECORDED GAME ]
Feudal
13:02
Castle
18:14
Imperial
31:48
| APM avg | 19.6 |
| APM peak | 42 |
| eAPM avg | 13.4 |
| Villagers / military | 108 / 589 |
Focus
⚔️ 42.4% · 🌾 57.6%
Militia ×421 · Spearman ×125 · Mangonel ×19 · Battering Ram ×15 · Trade Cart ×11 · Trebuchet (Packed) ×6
Feudal
12:24
Castle
18:12
Imperial
31:32
| APM avg | 33.8 |
| APM peak | 107 |
| eAPM avg | 23.2 |
| Villagers / military | 136 / 326 |
Focus
⚔️ 49.5% · 🌾 50.5%
Kamayuk ×244 · Spearman ×34 · Battering Ram ×30 · Mangonel ×11 · Trade Cart ×10 · Trebuchet (Packed) ×7
Feudal
11:59
Castle
16:31
Imperial
34:56
| APM avg | 22.4 |
| APM peak | 45 |
| eAPM avg | 13.2 |
| Villagers / military | 102 / 424 |
Focus
⚔️ 44.9% · 🌾 55.1%
Spearman ×280 · Knight ×60 · Militia ×30 · Serjeant ×30 · Scout Cavalry ×19 · Battering Ram ×3
Feudal
12:23
Castle
16:43
Imperial
45:22
| APM avg | 20.2 |
| APM peak | 60 |
| eAPM avg | 17.4 |
| Villagers / military | 219 / 276 |
Focus
⚔️ 36.2% · 🌾 63.8%
Scout Cavalry ×192 · Scorpion ×83 · Mangonel ×1
Feudal
12:39
Castle
20:53
Imperial
35:41
| APM avg | 48.4 |
| APM peak | 118 |
| eAPM avg | 28.2 |
| Villagers / military | 119 / 427 |
Focus
⚔️ 29.9% · 🌾 70.1%
Spearman ×160 · War Wagon ×124 · Archer ×99 · Trade Cart ×34 · Bombard Cannon ×19 · Skirmisher ×13
Feudal
11:12
Castle
15:46
Imperial
36:10
| APM avg | 34.1 |
| APM peak | 93 |
| eAPM avg | 17.6 |
| Villagers / military | 180 / 356 |
Focus
⚔️ 26.2% · 🌾 73.8%
Knight ×184 · Archer ×63 · Trade Cart ×49 · War Elephant ×44 · Scout Cavalry ×40 · Hand Cannoneer ×20
Match map
Initial resources + every placement click. Lines = walls · curves = elevation contours. ◆ gold · ⬟ stone · ● berries · ✦ relic · ◌ wall gap
Inputs per minute
— Zapp Brannigan - - Nortrom Antivirus
Build order — Zapp Brannigan
First 150 of 488 actions detected
| 0:05 | Build | House |
| 0:06 | Create | Villager (Male) |
| 0:06 | Create | Villager (Male) |
| 0:07 | Create | Villager (Male) |
| 0:07 | Create | Villager (Male) |
| 0:11 | Build | House |
| 0:48 | Research | Loom |
| 0:53 | Create | Villager (Male) |
| 1:39 | Create | Villager (Male) |
| 2:13 | Build | Palisade Wall |
| 2:18 | Create | Villager (Male) |
| 3:14 | Create | Villager (Male) |
| 3:42 | Create | Villager (Male) |
| 4:18 | Create | Villager (Male) |
| 4:49 | Build | House |
| 4:57 | Build | House |
| 5:01 | Create | Villager (Male) |
| 5:14 | Create | Villager (Male) |
| 5:57 | Create | Villager (Male) |
| 6:35 | Create | Villager (Male) |
| 6:35 | Create | Villager (Male) |
| 6:43 | Build | Lumber Camp |
| 6:56 | Build | Mill |
| 6:59 | Create | Villager (Male) |
| 7:19 | Create | Villager (Male) |
| 7:54 | Create | Villager (Male) |
| 8:07 | Build | Mill |
| 8:11 | Create | Villager (Male) |
| 8:28 | Create | Villager (Male) |
| 8:40 | Build | Mining Camp |
| 8:44 | Create | Villager (Male) |
| 8:59 | Build | House |
| 9:36 | Create | Villager (Male) |
| 9:36 | Create | Villager (Male) |
| 10:04 | Create | Villager (Male) |
| 10:52 | Research | Feudal Age |
| 11:31 | Build | Outpost |
| 11:55 | Create | Villager (Male) |
| 11:58 | Create | Villager (Male) |
| 12:25 | Build | Farm |
| 12:26 | Build | Farm |
| 12:28 | Build | Farm |
| 12:34 | Build | House |
| 12:36 | Build | House |
| 12:38 | Build | House |
| 13:01 | Build | Outpost |
| 13:02 | Age | Feudal Age |
| 13:08 | Create | Villager (Male) |
| 13:22 | Build | Building 487 |
| 13:32 | Build | Stone Wall |
| 13:34 | Build | Stone Wall |
| 13:40 | Create | Villager (Male) |
| 13:47 | Build | Market |
| 13:59 | Build | Blacksmith |
| 14:39 | Create | Villager (Male) |
| 15:00 | Build | Farm |
| 15:04 | Build | Farm |
| 15:05 | Build | Farm |
| 15:06 | Build | Farm |
| 15:09 | Create | Villager (Male) |
| 15:13 | Build | Farm |
| 15:31 | Research | Castle Age |
| 15:38 | Build | Farm |
| 16:08 | Research | Double-Bit Axe |
| 16:53 | Create | Villager (Male) |
| 17:33 | Create | Villager (Male) |
| 18:14 | Age | Castle Age |
| 18:22 | Build | Town Center |
| 18:25 | Create | Villager (Male) |
| 18:25 | Create | Villager (Male) |
| 18:36 | Build | Town Center |
| 18:38 | Create | Villager (Male) |
| 18:45 | Create | Villager (Male) |
| 19:19 | Build | Monastery |
| 19:27 | Create | Villager (Male) |
| 19:37 | Build | Farm |
| 19:58 | Create | Villager (Male) |
| 20:29 | Create | Villager (Male) |
| 20:32 | Create | Villager (Male) |
| 20:32 | Create | Villager (Male) |
| 20:34 | Create | Villager (Male) |
| 20:36 | Create | Villager (Male) |
| 20:43 | Create | Monk |
| 20:59 | Create | Villager (Male) |
| 21:00 | Create | Villager (Male) |
| 21:04 | Create | Villager (Male) |
| 21:04 | Create | Villager (Male) |
| 21:14 | Build | Barracks |
| 21:56 | Create | Villager (Male) |
| 21:56 | Create | Villager (Male) |
| 21:58 | Create | Villager (Male) |
| 21:59 | Create | Villager (Male) |
| 22:00 | Create | Villager (Male) |
| 22:00 | Create | Villager (Male) |
| 22:05 | Build | Farm |
| 22:06 | Build | Farm |
| 22:07 | Build | Farm |
| 22:24 | Create | Monk |
| 22:25 | Create | Villager (Male) |
| 22:26 | Create | Villager (Male) |
| 22:27 | Create | Villager (Male) |
| 22:28 | Create | Villager (Male) |
| 22:30 | Create | Villager (Male) |
| 22:30 | Create | Villager (Male) |
| 22:42 | Build | Barracks |
| 23:29 | Create | Villager (Male) |
| 23:30 | Create | Villager (Male) |
| 23:32 | Create | Villager (Male) |
| 23:32 | Create | Villager (Male) |
| 23:38 | Build | House |
| 23:40 | Build | House |
| 23:41 | Build | House |
| 23:42 | Build | House |
| 23:43 | Build | House |
| 23:44 | Build | House |
| 23:48 | Create | Villager (Male) |
| 23:50 | Create | Villager (Male) |
| 23:50 | Create | Villager (Male) |
| 23:53 | Create | Villager (Male) |
| 23:53 | Create | Villager (Male) |
| 23:54 | Create | Villager (Male) |
| 24:02 | Research | Man-at-Arms (upgrade) |
| 24:44 | Create | Villager (Male) |
| 24:44 | Create | Villager (Male) |
| 24:45 | Create | Villager (Male) |
| 24:45 | Create | Villager (Male) |
| 24:51 | Build | Farm |
| 24:52 | Build | Farm |
| 24:54 | Create | Villager (Male) |
| 24:57 | Create | Villager (Male) |
| 25:00 | Create | Villager (Male) |
| 25:08 | Build | Barracks |
| 25:14 | Create | Villager (Male) |
| 25:17 | Build | Farm |
| 25:18 | Build | Farm |
| 25:19 | Build | Farm |
| 25:26 | Create | Villager (Male) |
| 25:29 | Create | Villager (Male) |
| 25:36 | Build | Farm |
| 25:38 | Build | Farm |
| 25:45 | Create | Villager (Male) |
| 25:51 | Create | Militia |
| 26:14 | Build | Castle |
| 26:16 | Create | Villager (Male) |
| 26:16 | Create | Villager (Male) |
| 26:22 | Create | Villager (Male) |
| 26:22 | Create | Villager (Male) |
| 26:27 | Create | Villager (Male) |
| 26:39 | Build | Town Center |
| 26:41 | Create | Villager (Male) |
Build order — Nortrom Antivirus
First 150 of 632 actions detected
| 0:15 | Create | Villager (Male) |
| 0:16 | Create | Villager (Male) |
| 0:16 | Create | Villager (Male) |
| 0:17 | Create | Villager (Male) |
| 0:17 | Create | Villager (Male) |
| 0:19 | Build | House |
| 0:21 | Build | House |
| 0:46 | Research | Loom |
| 1:12 | Build | Palisade Wall |
| 2:03 | Build | Palisade Wall |
| 2:08 | Create | Villager (Male) |
| 2:40 | Create | Villager (Male) |
| 3:40 | Create | Villager (Male) |
| 3:40 | Create | Villager (Male) |
| 3:40 | Create | Villager (Male) |
| 4:08 | Create | Villager (Male) |
| 4:21 | Build | House |
| 4:33 | Build | Palisade Wall |
| 4:48 | Create | Villager (Male) |
| 5:23 | Create | Villager (Male) |
| 5:48 | Create | Villager (Male) |
| 6:05 | Create | Villager (Male) |
| 6:33 | Build | Settlement |
| 6:40 | Create | Villager (Male) |
| 7:05 | Create | Villager (Male) |
| 7:27 | Create | Villager (Male) |
| 7:44 | Build | Farm |
| 7:49 | Create | Villager (Male) |
| 8:14 | Create | Villager (Male) |
| 8:48 | Create | Villager (Male) |
| 8:48 | Create | Villager (Male) |
| 9:02 | Create | Villager (Male) |
| 9:08 | Build | Settlement |
| 9:20 | Create | Villager (Male) |
| 9:40 | Create | Villager (Male) |
| 10:14 | Research | Feudal Age |
| 10:25 | Build | Settlement |
| 11:04 | Build | Farm |
| 11:05 | Build | Farm |
| 11:29 | Create | Villager (Male) |
| 11:30 | Create | Villager (Male) |
| 12:02 | Create | Villager (Male) |
| 12:02 | Create | Villager (Male) |
| 12:24 | Age | Feudal Age |
| 12:33 | Build | Blacksmith |
| 12:48 | Build | Stone Wall |
| 12:56 | Create | Villager (Male) |
| 13:10 | Build | Stone Wall |
| 13:17 | Create | Villager (Male) |
| 13:25 | Build | Market |
| 13:36 | Build | Farm |
| 13:48 | Build | Farm |
| 13:53 | Build | Farm |
| 14:11 | Build | Building 487 |
| 14:16 | Build | Stone Wall |
| 14:20 | Build | Stone Wall |
| 14:28 | Create | Villager (Male) |
| 14:47 | Build | Farm |
| 14:51 | Build | Farm |
| 15:14 | Create | Villager (Male) |
| 15:21 | Build | Farm |
| 15:32 | Research | Castle Age |
| 15:59 | Build | House |
| 16:10 | Create | Villager (Male) |
| 16:10 | Create | Villager (Male) |
| 16:48 | Research | Double-Bit Axe |
| 17:23 | Build | Outpost |
| 18:12 | Age | Castle Age |
| 18:28 | Build | Town Center |
| 18:57 | Create | Villager (Male) |
| 18:57 | Create | Villager (Male) |
| 18:58 | Create | Villager (Male) |
| 19:18 | Create | Villager (Male) |
| 19:20 | Create | Villager (Male) |
| 19:20 | Create | Villager (Male) |
| 19:21 | Create | Villager (Male) |
| 19:21 | Create | Villager (Male) |
| 19:40 | Create | Villager (Male) |
| 19:40 | Create | Villager (Male) |
| 19:42 | Create | Villager (Male) |
| 20:02 | Create | Villager (Male) |
| 20:03 | Create | Villager (Male) |
| 20:30 | Create | Villager (Male) |
| 20:30 | Create | Villager (Male) |
| 20:54 | Build | Town Center |
| 21:00 | Create | Villager (Male) |
| 21:00 | Create | Villager (Male) |
| 21:10 | Create | Villager (Male) |
| 21:11 | Create | Villager (Male) |
| 21:34 | Create | Villager (Male) |
| 21:34 | Create | Villager (Male) |
| 21:42 | Build | Farm |
| 21:42 | Build | Farm |
| 21:43 | Build | Farm |
| 21:43 | Build | Farm |
| 21:43 | Build | Farm |
| 21:43 | Build | Farm |
| 21:44 | Build | Farm |
| 22:04 | Build | Farm |
| 22:06 | Build | Farm |
| 22:08 | Create | Villager (Male) |
| 22:09 | Create | Villager (Male) |
| 22:09 | Create | Villager (Male) |
| 22:09 | Create | Villager (Male) |
| 22:16 | Create | Villager (Male) |
| 22:16 | Create | Villager (Male) |
| 22:16 | Create | Villager (Male) |
| 22:26 | Build | Farm |
| 22:26 | Build | Farm |
| 22:29 | Build | Farm |
| 22:36 | Build | Farm |
| 22:37 | Build | Farm |
| 22:46 | Create | Villager (Male) |
| 22:46 | Create | Villager (Male) |
| 22:47 | Create | Villager (Male) |
| 22:48 | Create | Villager (Male) |
| 22:48 | Create | Villager (Male) |
| 22:55 | Build | Farm |
| 23:01 | Create | Villager (Male) |
| 23:02 | Create | Villager (Male) |
| 23:09 | Build | Farm |
| 23:09 | Build | Farm |
| 23:10 | Build | Farm |
| 23:10 | Build | Farm |
| 23:10 | Build | Farm |
| 23:10 | Build | Farm |
| 23:41 | Build | Farm |
| 23:44 | Create | Villager (Male) |
| 23:44 | Create | Villager (Male) |
| 23:44 | Create | Villager (Male) |
| 23:45 | Create | Villager (Male) |
| 23:52 | Build | Farm |
| 23:52 | Build | Farm |
| 23:53 | Build | Farm |
| 23:53 | Build | Farm |
| 23:53 | Build | Farm |
| 23:53 | Build | Farm |
| 23:53 | Build | Farm |
| 23:54 | Build | Farm |
| 24:33 | Build | Farm |
| 24:38 | Create | Villager (Male) |
| 24:38 | Create | Villager (Male) |
| 24:38 | Create | Villager (Male) |
| 24:39 | Create | Villager (Male) |
| 24:39 | Create | Villager (Male) |
| 24:39 | Create | Villager (Male) |
| 24:39 | Create | Villager (Male) |
| 24:40 | Create | Villager (Male) |
| 24:40 | Create | Villager (Male) |
| 24:53 | Build | Farm |
Build order — Wlochaty Dzik
First 150 of 444 actions detected
| 0:01 | Create | Villager (Male) |
| 0:02 | Create | Villager (Male) |
| 0:02 | Create | Villager (Male) |
| 0:02 | Create | Villager (Male) |
| 0:05 | Build | House |
| 0:07 | Build | House |
| 1:27 | Create | Villager (Male) |
| 1:47 | Build | Lumber Camp |
| 2:12 | Create | Villager (Male) |
| 2:24 | Create | Villager (Male) |
| 2:55 | Create | Villager (Male) |
| 3:17 | Create | Villager (Male) |
| 3:41 | Create | Villager (Male) |
| 3:55 | Build | House |
| 3:57 | Build | House |
| 4:11 | Create | Villager (Male) |
| 4:22 | Build | Mill |
| 4:38 | Create | Villager (Male) |
| 5:13 | Create | Villager (Male) |
| 5:35 | Create | Villager (Male) |
| 5:42 | Create | Villager (Male) |
| 6:08 | Build | Mill |
| 6:16 | Create | Villager (Male) |
| 6:46 | Create | Villager (Male) |
| 7:19 | Research | Loom |
| 7:20 | Create | Villager (Male) |
| 7:59 | Create | Villager (Male) |
| 8:12 | Build | Mining Camp |
| 8:33 | Create | Villager (Male) |
| 8:39 | Create | Villager (Male) |
| 8:48 | Build | House |
| 9:00 | Create | Villager (Male) |
| 9:40 | Research | Feudal Age |
| 10:55 | Build | Farm |
| 10:55 | Build | Farm |
| 10:56 | Build | Farm |
| 10:59 | Build | Farm |
| 11:20 | Build | Donjon |
| 11:31 | Create | Villager (Male) |
| 11:41 | Create | Villager (Male) |
| 11:59 | Age | Feudal Age |
| 12:08 | Build | Market |
| 12:13 | Build | Blacksmith |
| 12:19 | Build | Mining Camp |
| 12:43 | Build | House |
| 12:58 | Create | Villager (Male) |
| 13:23 | Create | Villager (Male) |
| 13:27 | Build | House |
| 13:38 | Build | Farm |
| 13:38 | Build | Farm |
| 13:40 | Build | Farm |
| 13:40 | Build | Farm |
| 13:51 | Research | Castle Age |
| 14:15 | Build | House |
| 14:42 | Create | Villager (Male) |
| 14:43 | Create | Villager (Male) |
| 14:59 | Research | Double-Bit Axe |
| 15:03 | Build | House |
| 15:28 | Create | Serjeant |
| 15:28 | Create | Serjeant |
| 15:29 | Create | Serjeant |
| 15:43 | Build | House |
| 15:49 | Create | Spearman |
| 15:51 | Create | Spearman |
| 16:31 | Age | Castle Age |
| 16:34 | Build | Siege Workshop |
| 16:39 | Create | Serjeant |
| 16:49 | Build | Town Center |
| 17:24 | Create | Battering Ram |
| 17:32 | Build | Farm |
| 17:34 | Create | Villager (Male) |
| 17:34 | Create | Villager (Male) |
| 17:41 | Build | Farm |
| 17:47 | Build | Farm |
| 17:52 | Create | Villager (Male) |
| 17:52 | Create | Villager (Male) |
| 18:06 | Create | Battering Ram |
| 18:16 | Create | Serjeant |
| 18:18 | Create | Serjeant |
| 19:11 | Build | Palisade Gate |
| 19:15 | Create | Villager (Male) |
| 19:16 | Create | Villager (Male) |
| 19:27 | Build | Farm |
| 19:27 | Build | Farm |
| 19:30 | Create | Villager (Male) |
| 19:31 | Create | Villager (Male) |
| 20:19 | Build | Donjon |
| 20:25 | Create | Villager (Male) |
| 20:26 | Create | Villager (Male) |
| 20:27 | Create | Villager (Male) |
| 20:29 | Create | Villager (Male) |
| 20:33 | Create | Serjeant |
| 21:41 | Research | Pikeman (upgrade) |
| 21:42 | Create | Serjeant |
| 21:42 | Create | Spearman |
| 21:42 | Create | Serjeant |
| 21:42 | Create | Spearman |
| 22:35 | Create | Serjeant |
| 22:35 | Create | Spearman |
| 22:35 | Create | Spearman |
| 22:35 | Create | Serjeant |
| 22:36 | Create | Spearman |
| 23:15 | Create | Battering Ram |
| 24:44 | Build | House |
| 24:45 | Build | House |
| 24:46 | Build | House |
| 24:51 | Build | Farm |
| 24:53 | Create | Villager (Male) |
| 24:53 | Create | Villager (Male) |
| 24:56 | Build | House |
| 24:56 | Build | House |
| 24:57 | Build | House |
| 24:57 | Build | House |
| 24:57 | Build | House |
| 24:57 | Build | House |
| 25:00 | Build | House |
| 25:00 | Build | House |
| 25:01 | Build | House |
| 25:05 | Build | Farm |
| 25:06 | Build | Farm |
| 25:06 | Build | Farm |
| 25:06 | Build | Farm |
| 25:06 | Build | Farm |
| 25:07 | Build | Farm |
| 25:07 | Build | Farm |
| 25:07 | Build | Farm |
| 25:09 | Create | Villager (Male) |
| 25:10 | Create | Villager (Male) |
| 25:10 | Create | Villager (Male) |
| 25:13 | Create | Villager (Male) |
| 25:13 | Create | Villager (Male) |
| 25:13 | Create | Villager (Male) |
| 26:21 | Build | Siege Workshop |
| 27:26 | Create | Villager (Male) |
| 27:26 | Create | Villager (Male) |
| 27:26 | Create | Villager (Male) |
| 27:27 | Research | Wheelbarrow |
| 27:34 | Build | Town Center |
| 27:38 | Create | Villager (Male) |
| 27:38 | Create | Villager (Male) |
| 28:05 | Create | Villager (Male) |
| 28:06 | Create | Villager (Male) |
| 28:07 | Create | Villager (Male) |
| 28:07 | Create | Villager (Male) |
| 28:07 | Create | Villager (Male) |
| 28:14 | Build | Monastery |
| 28:17 | Create | Villager (Male) |
| 28:59 | Build | Barracks |
| 29:00 | Build | Barracks |
| 29:00 | Build | Barracks |
Build order — Tode[S]hrimp
First 150 of 700 actions detected
| 0:01 | Create | Villager (Male) |
| 0:02 | Research | Loom |
| 0:04 | Build | House |
| 0:05 | Build | House |
| 0:41 | Create | Villager (Male) |
| 0:42 | Create | Villager (Male) |
| 1:06 | Build | Palisade Wall |
| 1:13 | Create | Villager (Male) |
| 1:24 | Build | Palisade Wall |
| 2:18 | Create | Villager (Male) |
| 2:57 | Create | Villager (Male) |
| 3:09 | Build | House |
| 3:26 | Build | Palisade Wall |
| 3:29 | Create | Villager (Male) |
| 3:30 | Create | Villager (Male) |
| 3:30 | Create | Villager (Male) |
| 4:04 | Create | Villager (Male) |
| 4:23 | Create | Villager (Male) |
| 5:03 | Create | Villager (Male) |
| 5:27 | Build | Lumber Camp |
| 5:30 | Create | Villager (Male) |
| 5:57 | Create | Villager (Male) |
| 5:58 | Create | Villager (Male) |
| 6:14 | Create | Villager (Male) |
| 6:59 | Build | Mill |
| 7:03 | Create | Villager (Male) |
| 7:30 | Build | Palisade Wall |
| 7:36 | Build | House |
| 7:50 | Create | Villager (Male) |
| 8:28 | Create | Villager (Male) |
| 8:28 | Create | Villager (Male) |
| 8:29 | Create | Villager (Male) |
| 9:09 | Build | House |
| 9:10 | Build | House |
| 9:13 | Create | Villager (Male) |
| 9:36 | Build | Mining Camp |
| 10:13 | Research | Feudal Age |
| 10:32 | Create | Villager (Male) |
| 10:45 | Create | Villager (Male) |
| 11:01 | Build | Farm |
| 11:04 | Build | Farm |
| 11:53 | Build | Farm |
| 11:55 | Build | Farm |
| 12:11 | Build | Farm |
| 12:23 | Age | Feudal Age |
| 12:46 | Build | Stone Wall |
| 12:59 | Build | Stone Wall |
| 13:22 | Create | Villager (Male) |
| 13:25 | Build | Farm |
| 14:03 | Research | Castle Age |
| 14:10 | Build | Farm |
| 14:16 | Create | Villager (Male) |
| 14:16 | Create | Villager (Male) |
| 14:32 | Research | Double-Bit Axe |
| 15:03 | Build | Farm |
| 15:13 | Build | Farm |
| 16:43 | Age | Castle Age |
| 16:45 | Build | Town Center |
| 16:59 | Create | Villager (Male) |
| 16:59 | Create | Villager (Male) |
| 17:37 | Build | Town Center |
| 17:44 | Create | Villager (Male) |
| 18:06 | Build | House |
| 18:07 | Build | House |
| 18:08 | Build | House |
| 18:13 | Create | Villager (Male) |
| 18:15 | Create | Villager (Male) |
| 18:19 | Create | Villager (Male) |
| 18:20 | Create | Villager (Male) |
| 18:20 | Create | Villager (Male) |
| 18:20 | Create | Villager (Male) |
| 18:21 | Create | Villager (Male) |
| 18:25 | Create | Villager (Male) |
| 18:25 | Create | Villager (Male) |
| 18:53 | Build | Farm |
| 18:55 | Build | Farm |
| 18:59 | Create | Villager (Male) |
| 18:59 | Create | Villager (Male) |
| 18:59 | Create | Villager (Male) |
| 19:00 | Create | Villager (Male) |
| 19:02 | Build | Farm |
| 19:16 | Build | Farm |
| 19:19 | Create | Villager (Male) |
| 19:21 | Create | Villager (Male) |
| 19:21 | Create | Villager (Male) |
| 19:55 | Build | Stone Wall |
| 20:14 | Build | Siege Workshop |
| 20:28 | Build | Building 487 |
| 20:38 | Create | Villager (Male) |
| 20:51 | Create | Mangonel |
| 20:59 | Build | Stone Wall |
| 21:16 | Build | Stone Wall |
| 21:31 | Create | Villager (Male) |
| 21:31 | Create | Villager (Male) |
| 21:55 | Build | Farm |
| 22:19 | Create | Villager (Male) |
| 22:19 | Create | Villager (Male) |
| 22:19 | Create | Villager (Male) |
| 22:19 | Create | Villager (Male) |
| 22:30 | Build | House |
| 22:31 | Build | House |
| 22:41 | Build | House |
| 22:58 | Build | House |
| 22:59 | Build | House |
| 23:01 | Build | House |
| 23:02 | Build | House |
| 23:05 | Build | House |
| 23:07 | Build | House |
| 23:08 | Build | House |
| 23:11 | Create | Villager (Male) |
| 23:11 | Create | Villager (Male) |
| 23:11 | Create | Villager (Male) |
| 23:12 | Create | Villager (Male) |
| 24:27 | Build | Stone Wall |
| 24:30 | Create | Villager (Male) |
| 24:30 | Create | Villager (Male) |
| 24:30 | Create | Villager (Male) |
| 24:30 | Create | Villager (Male) |
| 26:32 | Create | Villager (Male) |
| 26:32 | Create | Villager (Male) |
| 26:33 | Create | Villager (Male) |
| 26:33 | Create | Villager (Male) |
| 27:37 | Create | Villager (Male) |
| 27:51 | Build | Building 487 |
| 27:54 | Create | Villager (Male) |
| 27:55 | Create | Villager (Male) |
| 27:56 | Create | Villager (Male) |
| 28:07 | Build | Town Center |
| 28:26 | Build | Town Center |
| 28:33 | Create | Villager (Male) |
| 28:33 | Create | Villager (Male) |
| 28:35 | Build | Farm |
| 28:37 | Build | Farm |
| 28:39 | Build | Farm |
| 28:43 | Build | Farm |
| 28:56 | Build | House |
| 28:57 | Build | House |
| 28:59 | Build | House |
| 29:00 | Build | House |
| 29:32 | Create | Villager (Male) |
| 30:49 | Create | Villager (Male) |
| 30:49 | Create | Villager (Male) |
| 30:50 | Create | Villager (Male) |
| 30:50 | Create | Villager (Male) |
| 31:00 | Create | Villager (Male) |
| 31:06 | Build | Farm |
| 31:07 | Build | Farm |
| 31:33 | Create | Villager (Male) |
| 31:50 | Build | Town Center |
| 31:57 | Build | Farm |
Build order — Tomuszek
First 150 of 503 actions detected
| 0:05 | Build | House |
| 0:07 | Create | Villager (Male) |
| 0:07 | Create | Villager (Male) |
| 0:21 | Build | Palisade Wall |
| 0:29 | Build | Palisade Wall |
| 0:33 | Research | Loom |
| 0:35 | Create | Villager (Male) |
| 0:56 | Create | Villager (Male) |
| 0:56 | Create | Villager (Male) |
| 1:46 | Create | Villager (Male) |
| 2:24 | Create | Villager (Male) |
| 2:39 | Build | House |
| 2:53 | Build | Lumber Camp |
| 2:54 | Create | Villager (Male) |
| 2:54 | Create | Villager (Male) |
| 3:39 | Create | Villager (Male) |
| 3:54 | Create | Villager (Male) |
| 4:29 | Create | Villager (Male) |
| 5:06 | Create | Villager (Male) |
| 5:36 | Create | Villager (Male) |
| 5:39 | Build | House |
| 6:19 | Create | Villager (Male) |
| 6:28 | Build | Mill |
| 6:38 | Build | House |
| 6:45 | Create | Villager (Male) |
| 7:04 | Create | Villager (Male) |
| 7:29 | Create | Villager (Male) |
| 7:47 | Create | Villager (Male) |
| 7:47 | Create | Villager (Male) |
| 7:50 | Build | House |
| 7:52 | Build | House |
| 9:02 | Build | Lumber Camp |
| 9:04 | Create | Villager (Male) |
| 9:31 | Create | Villager (Male) |
| 9:55 | Create | Villager (Male) |
| 10:29 | Research | Feudal Age |
| 10:29 | Research | Feudal Age |
| 11:27 | Build | Mining Camp |
| 11:32 | Create | Villager (Male) |
| 11:33 | Create | Villager (Male) |
| 11:59 | Build | Mill |
| 12:39 | Age | Feudal Age |
| 12:57 | Build | Barracks |
| 13:24 | Create | Villager (Male) |
| 13:25 | Create | Villager (Male) |
| 13:35 | Build | House |
| 13:36 | Build | House |
| 13:36 | Build | House |
| 13:36 | Build | House |
| 13:36 | Build | House |
| 14:00 | Research | Double-Bit Axe |
| 14:05 | Research | Gold Mining |
| 14:11 | Build | Archery Range |
| 14:20 | Create | Villager (Male) |
| 14:33 | Create | Villager (Male) |
| 14:50 | Build | Market |
| 15:06 | Build | Stone Wall |
| 15:11 | Create | Archer |
| 15:11 | Create | Archer |
| 15:12 | Create | Archer |
| 15:12 | Create | Archer |
| 15:12 | Create | Archer |
| 15:18 | Create | Skirmisher |
| 15:18 | Create | Skirmisher |
| 15:18 | Create | Skirmisher |
| 15:27 | Create | Villager (Male) |
| 15:28 | Create | Villager (Male) |
| 16:10 | Create | Archer |
| 16:14 | Create | Villager (Male) |
| 16:31 | Create | Archer |
| 16:43 | Create | Villager (Male) |
| 16:55 | Build | Mining Camp |
| 17:07 | Create | Villager (Male) |
| 17:10 | Create | Archer |
| 17:18 | Build | Lumber Camp |
| 17:20 | Research | Horse Collar |
| 17:25 | Build | Farm |
| 17:28 | Build | Farm |
| 17:30 | Build | Farm |
| 17:32 | Build | Farm |
| 17:44 | Create | Villager (Male) |
| 17:54 | Create | Archer |
| 18:13 | Research | Castle Age |
| 18:14 | Research | Castle Age |
| 18:16 | Build | Farm |
| 18:18 | Build | Farm |
| 18:20 | Build | Farm |
| 18:35 | Create | Archer |
| 18:51 | Build | Lumber Camp |
| 18:58 | Build | Farm |
| 19:17 | Create | Villager (Male) |
| 19:17 | Create | Villager (Male) |
| 19:24 | Create | Archer |
| 19:35 | Create | Villager (Male) |
| 19:44 | Build | Farm |
| 19:45 | Build | Farm |
| 20:04 | Create | Archer |
| 20:05 | Create | Archer |
| 20:06 | Create | Archer |
| 20:16 | Research | Wheelbarrow |
| 20:53 | Age | Castle Age |
| 21:16 | Create | Villager (Male) |
| 21:16 | Create | Villager (Male) |
| 21:20 | Build | Town Center |
| 21:24 | Build | Town Center |
| 21:34 | Research | Crossbowman (upgrade) |
| 22:53 | Create | Villager (Male) |
| 22:53 | Create | Villager (Male) |
| 23:42 | Create | Villager (Male) |
| 23:42 | Create | Villager (Male) |
| 23:42 | Create | Villager (Male) |
| 23:42 | Create | Villager (Male) |
| 23:43 | Create | Villager (Male) |
| 23:46 | Build | Farm |
| 23:46 | Build | Farm |
| 23:47 | Build | Farm |
| 23:47 | Build | Farm |
| 23:48 | Build | Farm |
| 23:54 | Create | Villager (Male) |
| 24:35 | Create | Villager (Male) |
| 24:36 | Create | Villager (Male) |
| 24:36 | Create | Villager (Male) |
| 24:39 | Build | Farm |
| 24:40 | Build | Farm |
| 24:42 | Build | Farm |
| 24:43 | Build | Farm |
| 24:43 | Build | Farm |
| 25:06 | Create | Villager (Male) |
| 25:06 | Create | Villager (Male) |
| 25:06 | Create | Villager (Male) |
| 25:06 | Create | Villager (Male) |
| 25:06 | Create | Villager (Male) |
| 25:07 | Create | Villager (Male) |
| 25:07 | Create | Villager (Male) |
| 25:07 | Create | Villager (Male) |
| 25:08 | Create | Villager (Male) |
| 25:10 | Create | Villager (Male) |
| 25:10 | Create | Villager (Male) |
| 25:10 | Create | Villager (Male) |
| 25:10 | Create | Villager (Male) |
| 25:10 | Create | Villager (Male) |
| 25:10 | Create | Villager (Male) |
| 25:10 | Create | Villager (Male) |
| 25:31 | Build | House |
| 25:31 | Build | House |
| 25:31 | Build | House |
| 25:31 | Build | House |
| 25:31 | Build | House |
| 25:32 | Build | House |
| 25:32 | Build | House |
Build order — Klautsche
First 150 of 495 actions detected
| 0:00 | Create | Villager (Male) |
| 0:01 | Create | Villager (Male) |
| 0:01 | Create | Villager (Male) |
| 0:01 | Create | Villager (Male) |
| 0:01 | Create | Villager (Male) |
| 0:02 | Build | House |
| 0:04 | Build | House |
| 1:48 | Build | Lumber Camp |
| 1:49 | Create | Villager (Male) |
| 2:10 | Create | Villager (Male) |
| 2:28 | Create | Villager (Male) |
| 3:22 | Build | House |
| 3:23 | Create | Villager (Male) |
| 3:32 | Create | Villager (Male) |
| 3:35 | Build | House |
| 4:11 | Create | Villager (Male) |
| 4:12 | Create | Villager (Male) |
| 4:40 | Create | Villager (Male) |
| 4:40 | Create | Villager (Male) |
| 4:40 | Create | Villager (Male) |
| 5:10 | Create | Villager (Male) |
| 5:10 | Create | Villager (Male) |
| 5:10 | Create | Villager (Male) |
| 5:22 | Build | Mill |
| 6:16 | Research | Loom |
| 6:20 | Create | Villager (Male) |
| 6:20 | Create | Villager (Male) |
| 6:20 | Create | Villager (Male) |
| 6:49 | Create | Villager (Male) |
| 7:22 | Build | Palisade Wall |
| 7:25 | Create | Villager (Male) |
| 7:25 | Create | Villager (Male) |
| 7:25 | Create | Villager (Male) |
| 8:28 | Build | Palisade Wall |
| 8:44 | Create | Villager (Male) |
| 8:44 | Create | Villager (Male) |
| 8:44 | Create | Villager (Male) |
| 9:04 | Build | House |
| 9:08 | Research | Feudal Age |
| 9:36 | Create | Villager (Male) |
| 9:36 | Create | Villager (Male) |
| 9:45 | Build | Mining Camp |
| 11:12 | Age | Feudal Age |
| 11:19 | Create | Villager (Male) |
| 11:19 | Create | Villager (Male) |
| 11:53 | Create | Villager (Male) |
| 12:12 | Build | Market |
| 12:21 | Build | Blacksmith |
| 12:34 | Build | Stone Wall |
| 13:01 | Build | House |
| 13:21 | Research | Castle Age |
| 14:09 | Research | Double-Bit Axe |
| 15:05 | Create | Villager (Male) |
| 15:05 | Create | Villager (Male) |
| 15:46 | Age | Castle Age |
| 15:50 | Build | Town Center |
| 16:02 | Build | Town Center |
| 16:04 | Create | Villager (Male) |
| 16:05 | Create | Villager (Male) |
| 16:12 | Build | Farm |
| 16:13 | Build | Farm |
| 16:13 | Build | Farm |
| 16:18 | Research | Bow Saw |
| 16:50 | Create | Villager (Male) |
| 16:55 | Build | Farm |
| 16:58 | Build | Farm |
| 17:00 | Build | Farm |
| 17:03 | Build | Farm |
| 17:21 | Create | Villager (Male) |
| 17:21 | Create | Villager (Male) |
| 17:33 | Build | Farm |
| 17:37 | Build | Farm |
| 17:40 | Build | Farm |
| 17:45 | Build | Farm |
| 17:47 | Build | Farm |
| 17:48 | Create | Villager (Male) |
| 17:48 | Create | Villager (Male) |
| 17:48 | Create | Villager (Male) |
| 18:10 | Build | Farm |
| 18:11 | Build | Farm |
| 18:13 | Create | Villager (Male) |
| 18:16 | Build | Farm |
| 18:19 | Build | Farm |
| 18:21 | Create | Villager (Male) |
| 18:27 | Build | Farm |
| 18:31 | Build | Farm |
| 18:34 | Build | Farm |
| 18:55 | Create | Villager (Male) |
| 18:55 | Create | Villager (Male) |
| 18:55 | Create | Villager (Male) |
| 19:03 | Build | Farm |
| 19:04 | Build | Farm |
| 19:06 | Build | Farm |
| 19:11 | Create | Villager (Male) |
| 19:25 | Create | Villager (Male) |
| 19:25 | Create | Villager (Male) |
| 19:31 | Build | House |
| 19:39 | Create | Villager (Male) |
| 19:40 | Create | Villager (Male) |
| 20:12 | Build | Farm |
| 20:15 | Build | Farm |
| 20:16 | Create | Villager (Male) |
| 20:16 | Create | Villager (Male) |
| 20:17 | Create | Villager (Male) |
| 20:17 | Create | Villager (Male) |
| 20:21 | Build | House |
| 20:23 | Build | House |
| 20:27 | Build | House |
| 20:28 | Build | House |
| 20:31 | Build | Farm |
| 20:56 | Create | Villager (Male) |
| 20:56 | Create | Villager (Male) |
| 20:56 | Create | Villager (Male) |
| 20:56 | Create | Villager (Male) |
| 20:56 | Create | Villager (Male) |
| 21:17 | Create | Villager (Male) |
| 21:22 | Build | Barracks |
| 21:27 | Research | Scale Barding Armor |
| 21:29 | Create | Villager (Male) |
| 21:29 | Create | Villager (Male) |
| 21:29 | Create | Villager (Male) |
| 21:36 | Build | Mill |
| 21:37 | Build | Farm |
| 21:38 | Build | Farm |
| 21:38 | Build | Farm |
| 21:38 | Build | Farm |
| 21:38 | Build | Farm |
| 21:48 | Build | Farm |
| 21:53 | Build | Farm |
| 21:57 | Research | Wheelbarrow |
| 22:03 | Build | Stable |
| 22:10 | Build | Stable |
| 22:16 | Create | Villager (Male) |
| 22:16 | Create | Villager (Male) |
| 22:16 | Create | Villager (Male) |
| 22:17 | Create | Villager (Male) |
| 22:50 | Create | Knight |
| 22:59 | Create | Knight ×2 |
| 24:12 | Research | Chain Barding Armor |
| 24:16 | Research | Bloodlines |
| 24:20 | Build | Farm |
| 24:21 | Build | Farm |
| 24:21 | Build | Farm |
| 24:21 | Build | Farm |
| 24:24 | Build | Mill |
| 24:25 | Build | Farm |
| 24:25 | Build | Farm |
| 24:25 | Build | Farm |
| 24:26 | Build | Farm |
| 24:26 | Build | Farm |
Match timeline
| 0:21 | Tomuszek · wall_segment Palisade Wall x10 |
| 0:29 | Tomuszek · wall_segment Palisade Wall x11 |
| 1:06 | Tode[S]hrimp · wall_segment Palisade Wall x14 |
| 1:12 | Nortrom Antivirus · wall_segment Palisade Wall x9 |
| 1:24 | Tode[S]hrimp · wall_segment Palisade Wall x13 |
| 2:03 | Nortrom Antivirus · wall_segment Palisade Wall x12 |
| 2:13 | Zapp Brannigan · wall_segment Palisade Wall x13 |
| 3:26 | Tode[S]hrimp · wall_segment Palisade Wall x13 |
| 4:33 | Nortrom Antivirus · wall_segment Palisade Wall x7 |
| 7:22 | Klautsche · wall_segment Palisade Wall x7 |
| 7:30 | Tode[S]hrimp · wall_segment Palisade Wall x11 |
| 8:28 | Klautsche · wall_segment Palisade Wall x10 |
| 11:12 | Klautsche · age_up feudal |
| 11:20 | Wlochaty Dzik · first_building Donjon |
| 11:59 | Wlochaty Dzik · age_up feudal |
| 12:23 | Tode[S]hrimp · age_up feudal |
| 12:24 | Nortrom Antivirus · age_up feudal |
| 12:34 | Klautsche · wall_segment Stone Wall x9 |
| 12:39 | Tomuszek · age_up feudal |
| 12:46 | Tode[S]hrimp · wall_segment Stone Wall x16 |
| 12:48 | Nortrom Antivirus · wall_segment Stone Wall x11 |
| 12:57 | Tomuszek · first_building Barracks |
| 12:59 | Tode[S]hrimp · wall_segment Stone Wall x15 |
| 13:02 | Zapp Brannigan · age_up feudal |
| 13:10 | Nortrom Antivirus · wall_segment Stone Wall x9 |
| 13:32 | Zapp Brannigan · wall_segment Stone Wall x4 |
| 13:34 | Zapp Brannigan · wall_segment Stone Wall x3 |
| 13:43 | Klautsche · tribute_sent a jugador 1 |
| 13:43 | Klautsche · tribute_sent a jugador 2 |
| 13:43 | Klautsche · tribute_sent a jugador 3 |
| 13:43 | Klautsche · tribute_sent a jugador 4 |
| 13:43 | Klautsche · tribute_sent a jugador 5 |
| 14:11 | Tomuszek · first_building Archery Range |
| 14:16 | Nortrom Antivirus · wall_segment Stone Wall x3 |
| 14:16 | Klautsche · tribute_sent a jugador 1 |
| 14:16 | Klautsche · tribute_sent a jugador 2 |
| 14:16 | Klautsche · tribute_sent a jugador 3 |
| 14:16 | Klautsche · tribute_sent a jugador 4 |
| 14:16 | Klautsche · tribute_sent a jugador 5 |
| 14:20 | Nortrom Antivirus · wall_segment Stone Wall x6 |
| 15:06 | Tomuszek · wall_segment Stone Wall x8 |
| 15:23 | Wlochaty Dzik · first_market_buy 100 food |
| 15:26 | Zapp Brannigan · first_market_buy 100 food |
| 15:27 | Zapp Brannigan · first_market_sell 100 wood |
| 15:46 | Klautsche · age_up castle |
| 16:17 | Klautsche · first_market_buy 100 wood |
| 16:31 | Wlochaty Dzik · age_up castle |
| 16:34 | Wlochaty Dzik · first_building Siege Workshop |
| 16:43 | Tode[S]hrimp · age_up castle |
| 18:12 | Nortrom Antivirus · age_up castle |
| 18:14 | Zapp Brannigan · age_up castle |
| 18:23 | Nortrom Antivirus · first_market_buy 100 wood |
| 19:19 | Zapp Brannigan · first_building Monastery |
| 19:55 | Tode[S]hrimp · wall_segment Stone Wall x13 |
| 20:07 | Klautsche · tribute_sent a jugador 1 |
| 20:07 | Klautsche · tribute_sent a jugador 2 |
| 20:07 | Klautsche · tribute_sent a jugador 3 |
| 20:07 | Klautsche · tribute_sent a jugador 4 |
| 20:07 | Klautsche · tribute_sent a jugador 5 |
| 20:14 | Tode[S]hrimp · first_building Siege Workshop |
| 20:53 | Tomuszek · age_up castle |
| 20:59 | Tode[S]hrimp · wall_segment Stone Wall x12 |
| 21:14 | Zapp Brannigan · first_building Barracks |
| 21:16 | Tode[S]hrimp · wall_segment Stone Wall x7 |
| 21:22 | Klautsche · first_building Barracks |
| 22:03 | Klautsche · first_building Stable |
| 22:56 | Klautsche · first_market_sell 100 food |
| 24:27 | Tode[S]hrimp · wall_segment Stone Wall x14 |
| 25:13 | Nortrom Antivirus · first_building Castle |
| 26:14 | Zapp Brannigan · first_building Castle |
| 27:21 | Tomuszek · first_building Monastery |
| 27:34 | Klautsche · tribute_sent a jugador 1 |
| 27:34 | Klautsche · tribute_sent a jugador 2 |
| 27:34 | Klautsche · tribute_sent a jugador 3 |
| 27:34 | Klautsche · tribute_sent a jugador 4 |
| 27:34 | Klautsche · tribute_sent a jugador 5 |
| 28:03 | Nortrom Antivirus · first_building Siege Workshop |
| 28:04 | Zapp Brannigan · first_building Siege Workshop |
| 28:14 | Wlochaty Dzik · first_building Monastery |
| 28:59 | Wlochaty Dzik · first_building Barracks |
| 29:17 | Tomuszek · first_building Castle |
| 30:23 | Nortrom Antivirus · first_market_sell 100 food |
| 31:17 | Klautsche · first_building Castle |
| 31:32 | Nortrom Antivirus · age_up imperial |
| 31:47 | Klautsche · tribute_sent a jugador 1 |
| 31:47 | Klautsche · tribute_sent a jugador 2 |
| 31:47 | Klautsche · tribute_sent a jugador 3 |
| 31:47 | Klautsche · tribute_sent a jugador 4 |
| 31:47 | Klautsche · tribute_sent a jugador 5 |
| 31:48 | Zapp Brannigan · age_up imperial |
| 32:26 | Tomuszek · first_market_buy 100 food |
| 33:04 | Klautsche · wall_segment Stone Wall x1 |
| 33:44 | Tode[S]hrimp · wall_segment Stone Wall x13 |
| 34:56 | Wlochaty Dzik · age_up imperial |
| 35:41 | Tomuszek · age_up imperial |
| 36:08 | Tomuszek · first_building Siege Workshop |
| 36:10 | Klautsche · age_up imperial |
| 36:23 | Klautsche · first_building Siege Workshop |
| 36:59 | Klautsche · wall_segment Stone Wall x1 |
| 37:49 | Tode[S]hrimp · first_building Castle |
| 38:15 | Nortrom Antivirus · first_building Barracks |
| 38:21 | Klautsche · wall_segment Stone Wall x2 |
| 38:51 | Tode[S]hrimp · first_building Stable |
| 41:41 | Wlochaty Dzik · first_building Castle |
| 42:40 | Tomuszek · first_building Stable |
| 43:12 | Klautsche · tribute_sent a jugador 1 |
| 43:12 | Klautsche · tribute_sent a jugador 2 |
| 43:12 | Klautsche · tribute_sent a jugador 3 |
| 43:12 | Klautsche · tribute_sent a jugador 4 |
| 43:12 | Klautsche · tribute_sent a jugador 5 |
| 44:57 | Klautsche · tribute_sent a jugador 1 |
| 44:57 | Klautsche · tribute_sent a jugador 2 |
| 44:57 | Klautsche · tribute_sent a jugador 3 |
| 44:57 | Klautsche · tribute_sent a jugador 4 |
| 44:57 | Klautsche · tribute_sent a jugador 5 |
| 45:22 | Tode[S]hrimp · age_up imperial |
| 46:01 | Klautsche · tribute_sent a jugador 1 |
| 46:01 | Klautsche · tribute_sent a jugador 2 |
| 46:01 | Klautsche · tribute_sent a jugador 3 |
| 46:01 | Klautsche · tribute_sent a jugador 4 |
| 46:01 | Klautsche · tribute_sent a jugador 5 |
| 46:46 | Zapp Brannigan · wall_segment Stone Wall x1 |
| 46:50 | Klautsche · first_building Archery Range |
| 46:54 | Tode[S]hrimp · first_market_sell 100 food |
| 48:29 | Wlochaty Dzik · first_building Stable |
| 49:51 | Tomuszek · first_market_sell 500 food |
| 50:21 | Tode[S]hrimp · wall_segment Stone Wall x12 |
| 50:29 | Tode[S]hrimp · wall_segment Stone Wall x9 |
| 51:21 | Tode[S]hrimp · wall_segment Stone Wall x8 |
| 52:06 | Klautsche · tribute_sent a jugador 1 |
| 52:06 | Klautsche · tribute_sent a jugador 2 |
| 52:06 | Klautsche · tribute_sent a jugador 3 |
| 52:06 | Klautsche · tribute_sent a jugador 4 |
| 52:06 | Klautsche · tribute_sent a jugador 5 |
| 53:16 | Wlochaty Dzik · tribute_sent a jugador 1 |
| 53:16 | Wlochaty Dzik · tribute_sent a jugador 2 |
| 53:16 | Wlochaty Dzik · tribute_sent a jugador 4 |
| 53:16 | Wlochaty Dzik · tribute_sent a jugador 5 |
| 53:16 | Wlochaty Dzik · tribute_sent a jugador 6 |
| 53:24 | Wlochaty Dzik · tribute_sent a jugador 1 |
| 53:24 | Wlochaty Dzik · tribute_sent a jugador 2 |
| 53:24 | Wlochaty Dzik · tribute_sent a jugador 4 |
| 53:24 | Wlochaty Dzik · tribute_sent a jugador 5 |
| 53:24 | Wlochaty Dzik · tribute_sent a jugador 6 |
| 53:26 | Tode[S]hrimp · wall_segment Stone Wall x12 |
| 54:30 | Klautsche · tribute_sent a jugador 1 |
| 54:30 | Klautsche · tribute_sent a jugador 2 |
| 54:30 | Klautsche · tribute_sent a jugador 3 |
| 54:30 | Klautsche · tribute_sent a jugador 4 |
| 54:30 | Klautsche · tribute_sent a jugador 5 |
| 54:32 | Tode[S]hrimp · tribute_sent a jugador 1 |
| 54:32 | Tode[S]hrimp · tribute_sent a jugador 2 |
| 54:32 | Tode[S]hrimp · tribute_sent a jugador 3 |
| 54:32 | Tode[S]hrimp · tribute_sent a jugador 5 |
| 54:32 | Tode[S]hrimp · tribute_sent a jugador 6 |
| 58:31 | Tode[S]hrimp · wall_segment Stone Wall x12 |
| 59:05 | Wlochaty Dzik · wall_segment Palisade Wall x12 |
| 63:44 | Tode[S]hrimp · tribute_sent a jugador 1 |
| 63:44 | Tode[S]hrimp · tribute_sent a jugador 2 |
| 63:44 | Tode[S]hrimp · tribute_sent a jugador 3 |
| 63:44 | Tode[S]hrimp · tribute_sent a jugador 5 |
| 63:44 | Tode[S]hrimp · tribute_sent a jugador 6 |
| 64:39 | Wlochaty Dzik · resign |
[ AI ANALYSIS · 1 CREDIT ]
What really happened in this match?
Wolo.gg analyzes every decision: build order, eco, micro, common mistakes by bracket. Personalized analysis on WhatsApp or Discord in 30 seconds.
Civ guide
Slavs
Map guide
Black Forest
Perfil
Jugador #2176050